[Event "Team 45 45 League T87"]
[Site "Internet Chess Club"]
[Date "2021.01.18"]
[Round "2"]
[White "primerpaso"]
[Black "janh"]
[Result "0-1"]
[WhiteElo "1807"]
[BlackElo "1969"]
[Opening "English opening"]
[ECO "D35"]
[Time "15:01:26"]
[TimeControl "2700+45"]

1. c4 e6 2. Nc3 d5 3. cxd5 exd5 4. d4 Nf6 5. g3 c6 6. Bg2 Be7 7. Nf3 O-O 8. O-O
Re8 9. Bf4 Bd6 10. Ne5 Qe7 11. Nd3 Bf5 12. Bxd6 Qxd6 13. e3 Nbd7 14. a3 Ng4 15.
Re1 Ngf6 16. Qd2 Rad8 17. Rec1 Ne4 18. Nxe4 dxe4 19. Nc5 Nxc5 {White resigns}
0-1

[Event "Team 45 45 League T87"]
[Site "Internet Chess Club"]
[Date "2021.01.17"]
[Round "2"]
[White "Portola"]
[Black "QuieroAprender"]
[Result "0-1"]
[WhiteElo "1657"]
[BlackElo "1724"]
[Opening "Queen's pawn game"]
[ECO "A45"]
[Time "19:46:33"]
[TimeControl "2700+45"]

1. d4 Nf6 2. c3 d6 3. Nf3 Nbd7 4. Bg5 h6 5. Bh4 g5 6. Bg3 Ne4 7. e3 Nxg3 8. hxg3
Bg7 9. Nbd2 Nb6 10. Qc2 a6 11. Bd3 e5 12. dxe5 dxe5 13. Be4 c6 14. Rd1 Qe7 15.
b3 Be6 16. Bd3 O-O-O 17. e4 Rd7 18. Nf1 f5 19. exf5 e4 20. Bxe4 Bxf5 21. Rxd7
Nxd7 22. N3d2 Re8 23. f3 Nc5 24. Kd1 Bxe4 25. fxe4 Qd6 26. Kc1 Nd3+ 27. Kb1 Nf2
28. Nc4 Qc5 29. Rh2 Nxe4 30. Qd3 Nxc3+ 31. Kc2 Re2+ 32. Kc1 Nxa2+ 33. Kb1 Nc3+
34. Kc1 Re1+ 35. Kc2 b5 36. Nb6+ Qxb6 37. Qf5+ Kb7 38. g4 Ne4 39. Qd7+ Qc7 40.
Qd3 Rxf1 41. Qxf1 Qxh2 42. Qf7+ Qc7 43. Qe6 Nf6 44. Qf5 Nd5 45. Qf2 Qe5 46. Qf7+
Nc7 {White resigns} 0-1

[Event "Team 45 45 League T87"]
[Site "Internet Chess Club"]
[Date "2021.01.16"]
[Round "2"]
[White "ElValero"]
[Black "kabindra"]
[Result "0-1"]
[WhiteElo "1671"]
[BlackElo "1687"]
[Opening "Sicilian: Keres variation (2.Ne2)"]
[ECO "B20"]
[Time "16:00:37"]
[TimeControl "2700+45"]

1. e4 c5 2. Ne2 e5 3. Nbc3 Nf6 4. g3 d6 5. Bg2 Be6 6. d3 Qd7 7. h3 Be7 8. f4
exf4 9. gxf4 Qc7 10. f5 Bd7 11. Bf4 a6 12. Qd2 Nc6 13. Nd5 Nxd5 14. exd5 Nd4 15.
Nxd4 cxd4 16. Be4 Bh4+ 17. Kf1 O-O-O 18. Rc1 Kb8 19. c3 Qb6 20. c4 Ka8 21. Kg2
g6 22. f6 Bxf6 23. b4 Rc8 24. Rb1 Be5 25. Bxe5 dxe5 26. c5 Qd8 27. Rhc1 f5 28.
Bf3 e4 29. dxe4 fxe4 30. Bxe4 Qh4 31. Rb3 Bf5 32. Bxf5 gxf5 33. Rg3 Qe4+ 34. Kh2
Qxd5 35. Rd1 Rcd8 36. Rd3 Qe5+ 37. Kh1 Qe4+ 38. Qg2 Rhe8 39. a4 Qxg2+ 40. Kxg2
Re4 41. Rf3 f4 42. Rfd3 Rf8 43. Rxd4 f3+ 44. Kf1 Ree8 45. b5 axb5 46. axb5 Rc8
47. b6 Rxc5 48. Rd8+ Rc8 49. Ra1+ Kb8 50. Rd7 Rf6 51. Rxh7 Rxb6 52. Rf7 Rb3 53.
Ra2 Rh8 54. h4 Rxh4 55. Rf8+ Kc7 56. Ra5 Rh2 57. Re5 Rb1+ {White resigns} 0-1

[Event "Team 45 45 League T87"]
[Site "Internet Chess Club"]
[Date "2021.01.25"]
[Round "2"]
[White "Andressa"]
[Black "ARMAND02019"]
[Result "1/2-1/2"]
[WhiteElo "1369"]
[BlackElo "1659"]
[Opening "Four knights: Italian variation"]
[ECO "C47"]
[Time "21:54:15"]
[TimeControl "2700+45"]

1. e4 e5 2. Nf3 Nf6 3. Nc3 Nc6 4. Bc4 Nxe4 5. Bxf7+ Kxf7 6. Nxe4 Be7 7. O-O Rf8
8. d3 Kg8 9. Re1 d6 10. Bg5 Bg4 11. Bxe7 Qxe7 12. Re3 Nd4 13. Ned2 Nxf3+ 14.
Nxf3 d5 15. h3 Bxf3 16. Rxf3 e4 17. dxe4 dxe4 18. Rg3 Rad8 19. Qe2 Rf4 20. Qe3
Rdf8 21. Rf1 a6 22. Qb3+ Qf7 23. Qxf7+ R8xf7 24. Re3 Rd7 25. g3 Rff7 26. Rxe4
Rd2 27. Re8+ Rf8 28. Rxf8+ Kxf8 29. Rc1 Ke7 30. Kf1 Kd6 31. Ke1 Rd5 {Game drawn
by mutual agreement} 1/2-1/2

[Event "Team 45 45 League T87"]
[Site "Internet Chess Club"]
[Date "2021.01.14"]
[Round "2"]
[White "zugknightly"]
[Black "kidcobra"]
[Result "1/2-1/2"]
[WhiteElo "1866"]
[BlackElo "1906"]
[Opening "English, 1...Nf6 (Anglo-Indian defense)"]
[ECO "A15"]
[Time "18:11:28"]
[TimeControl "2700+45"]

1. c4 Nf6 2. g3 e5 3. Bg2 Bc5 4. Nc3 O-O 5. e3 Re8 6. d3 d6 7. Nge2 c6 8. O-O
Bg4 9. h3 Bh5 10. Qc2 Bg6 11. e4 h6 12. Kh2 Nbd7 13. f4 exf4 14. Nxf4 Bh7 15.
Rb1 a5 16. Qd1 Nf8 17. b3 Ng6 18. Bb2 Nxf4 19. gxf4 Bd4 20. Ne2 Bxb2 21. Rxb2
Nd7 22. Ng3 f5 23. Re2 Qf6 24. Nxf5 Bxf5 25. exf5 Qxf5 26. Be4 Qf6 27. d4 Re7
28. Qd3 Rae8 29. Rff2 Nb6 30. d5 cxd5 31. Bxd5+ Nxd5 32. Qxd5+ Qf7 33. Rxe7 Rxe7
34. Qxd6 Re3 35. Qd8+ Kh7 36. Qd4 Qe7 37. Rg2 Re1 38. Qc3 Re4 39. Qxa5 Rxf4 40.
Qd5 Qc7 41. Qd3+ Kh8 42. Kh1 Qf7 43. Re2 Rf1+ 44. Kg2 Rf6 45. Qe4 Rg6+ 46. Kh2
Qf6 47. c5 Qf1 48. Rg2 Rxg2+ 49. Qxg2 Qf4+ 50. Kh1 Qc1+ 51. Qg1 Qc3 52. Kg2 Qd2+
53. Qf2 Qd5+ 54. Kh2 Qe5+ 55. Kg1 Qg5+ 56. Kf1 Qc1+ 57. Ke2 {Game drawn by
mutual agreement} 1/2-1/2

[Event "Team 45 45 League T87"]
[Site "Internet Chess Club"]
[Date "2021.01.14"]
[Round "2"]
[White "KidRattler"]
[Black "Beetlejuice"]
[Result "1-0"]
[WhiteElo "1794"]
[BlackElo "1661"]
[Opening "Dutch"]
[ECO "A80"]
[Time "14:01:12"]
[TimeControl "2700+45"]

1. d4 f5 2. Nf3 Nf6 3. g3 g6 4. Bg2 Bg7 5. b3 d6 6. Bb2 O-O 7. Nbd2 Nc6 8. c4 e5
9. dxe5 Ng4 10. h3 Ngxe5 11. Nxe5 Nxe5 12. Qc2 c6 13. O-O-O Qc7 14. f4 Nf7 15.
Bxg7 Kxg7 16. Qc3+ Kg8 17. e4 Be6 18. Rhe1 Rfe8 19. Re2 Rad8 20. Rde1 Qc8 21.
Kb2 fxe4 22. Nxe4 Re7 23. Nf6+ Kf8 24. Nxh7+ Kg8 25. Qf6 Rde8 26. Qxg6+ Kh8 27.
Nf6 Bf5 28. Qh5+ Kg7 29. Nxe8+ {Black resigns} 1-0

[Event "Team 45 45 League T87"]
[Site "Internet Chess Club"]
[Date "2021.01.17"]
[Round "2"]
[White "fvafier"]
[Black "Kingsacrificed"]
[Result "0-1"]
[WhiteElo "1512"]
[BlackElo "1553"]
[Opening "King's Indian: orthodox, 7...Nbd7"]
[ECO "E94"]
[Time "13:30:20"]
[TimeControl "2700+45"]

1. d4 g6 2. c4 d6 3. Nc3 Bg7 4. e4 Nf6 5. Nf3 O-O 6. Be2 Nbd7 7. O-O e5 8. d5
Nc5 9. Qc2 Bg4 10. b4 Ncd7 11. Be3 Qe7 12. Na4 Nb6 13. c5 Nxa4 14. cxd6 cxd6 15.
Qxa4 Nxe4 16. Rac1 Nf6 17. Rc4 Bd7 18. Qc2 Nxd5 19. a3 Nxe3 20. fxe3 Rac8 21.
Rc7 Qd8 22. Rc1 Rxc7 23. Qxc7 Bc6 24. Qxd8 Rxd8 25. b5 Bd5 26. Rc7 f5 27. Ne1 e4
28. g3 Rf8 29. Ng2 Rf7 30. Rc8+ Bf8 31. Nf4 Bb3 32. Rc3 Ba2 33. Bc4 Bxc4 34.
Rxc4 Kg7 35. Ne6+ Kf6 36. Nxf8 Rxf8 37. Rc7 Rf7 38. Rc8 Ke6 39. Kf2 d5 40. a4
Kd6 41. Rd8+ Kc5 42. Ke2 Kb4 43. Rxd5 Kxa4 44. Kd2 Rc7 45. Kd1 Kb4 46. Kd2 a5
47. bxa6 bxa6 48. Rd4+ Kb3 49. Rd6 a5 50. Rb6+ Kc4 51. Rb1 Rd7+ 52. Ke2 a4 53.
Rc1+ Kb3 54. Rb1+ Kc2 55. Ra1 Ra7 56. Ra2+ Kc1 57. Ra1+ Kb2 58. Rd1 a3 59. Rd2+
Kb3 {White resigns} 0-1

[Event "Team 45 45 League T87"]
[Site "Internet Chess Club"]
[Date "2021.01.19"]
[Round "2"]
[White "Validus"]
[Black "Megasus"]
[Result "0-1"]
[WhiteElo "1413"]
[BlackElo "1463"]
[Opening "Queen's pawn: London system"]
[ECO "A45"]
[Time "13:05:00"]
[TimeControl "2700+45"]

1. d4 Nf6 2. Bf4 d6 3. e3 c6 4. Nf3 h6 5. c3 Nbd7 6. Bd3 Qb6 7. Qc2 Nh5 8. Bg3
Nxg3 9. hxg3 e5 10. dxe5 dxe5 11. Nbd2 Qc7 12. O-O-O Nf6 13. Ne4 Bf5 14. Nxf6+
gxf6 15. Bxf5 Rd8 16. Rxd8+ Qxd8 17. Rd1 Qc7 18. Qb3 Bd6 19. e4 O-O 20. Rh1 Kg7
21. Qc2 Qb6 22. Qd2 Rh8 23. Nh2 Bc5 24. Ng4 h5 25. Ne3 Qa6 26. Kb1 Be7 27. g4 h4
28. Qe1 Qd3+ 29. Ka1 a5 30. f3 Kf8 31. g3 h3 32. Rh2 Bc5 33. Rd2 Qxe3 34. Qxe3
Bxe3 35. Rh2 Bg1 36. Rh1 h2 37. Bc8 b6 38. Bb7 Rh3 39. Bxc6 Rxg3 40. a4 Rxf3 41.
Ka2 Rf4 42. Kb3 Rxg4 43. Kc4 Rg2 44. b4 axb4 45. cxb4 Rc2+ 46. Kb5 Ke7 47. a5
bxa5 48. bxa5 Kd6 49. Bd5 Rc5+ 50. Ka6 Rc7 51. Kb5 Rc5+ 52. Ka6 Rc7 53. Kb5 Ke7
54. a6 Kf8 55. Bb7 Rc2 56. Bc6 Kg7 57. Bd7 Kg6 58. Kb4 Kg5 59. Kb3 Rd2 60. Bf5
Kf4 61. Kc3 Ra2 62. Bc8 Kg3 63. Kb3 Ra1 64. Bf5 Kg2 65. Bg4 Rxa6 66. Kb2 Rd6 67.
Kc3 Rd4 68. Bc8 Kxh1 69. Bg4 Bf2 70. Bf3+ Kg1 71. Kc2 f5 72. exf5 e4 73. Be2 e3
74. f6 Rd2+ 75. Kc1 Rxe2 76. Kd1 Re1+ 77. Kc2 h1=Q 78. Kd3 Qd5+ 79. Kc2 Re2+ 80.
Kc3 Be1# {White checkmated} 0-1

[Event "Team 45 45 League T87"]
[Site "Internet Chess Club"]
[Date "2021.01.15"]
[Round "2"]
[White "janh"]
[Black "ChessSpawnVT"]
[Result "1/2-1/2"]
[WhiteElo "1959"]
[BlackElo "2008"]
[Opening "Queen's pawn"]
[ECO "A40"]
[Time "13:04:52"]
[TimeControl "2700+45"]

1. d4 e6 2. Nc3 d5 3. Bf4 Nf6 4. Nb5 Na6 5. e3 c6 6. Nc3 Bb4 7. Bd3 c5 8. dxc5
Bxc3+ 9. bxc3 Nxc5 10. Ne2 O-O 11. O-O b6 12. Bg5 Bb7 13. f4 h6 14. Bh4 Ncd7 15.
Nd4 Qc7 16. Qd2 a6 17. Rab1 Rac8 18. Ne2 Ne4 19. Bxe4 dxe4 20. Rfd1 Bd5 21. Rb4
b5 22. a4 bxa4 23. Rxa4 Nb6 24. Rxa6 Bc4 {Game drawn by mutual agreement}
1/2-1/2

[Event "Team 45 45 League T87"]
[Site "Internet Chess Club"]
[Date "2021.01.15"]
[Round "2"]
[White "laurenpar"]
[Black "achessman"]
[Result "1-0"]
[WhiteElo "1843"]
[BlackElo "1902"]
[Opening "Nimzovich-Larsen attack: classical variation"]
[ECO "A01"]
[Time "21:35:05"]
[TimeControl "2700+45"]

1. b3 d5 2. Bb2 Bf5 3. Nf3 e6 4. g3 h6 5. Bg2 Nf6 6. O-O Be7 7. c4 c6 8. d3 O-O
9. Nbd2 Nbd7 10. a3 a5 11. Bc3 c5 12. Nh4 Bh7 13. cxd5 Nxd5 14. Bb2 Bxh4 15.
gxh4 Qxh4 16. Kh1 N7f6 17. Bf3 Bg6 18. Rc1 Nd7 19. Rc4 Qe7 20. Rg1 N7f6 21. Ne4
Rac8 22. Qa1 Kh7 23. Rg3 b6 24. Rh3 Kg8 25. Nxf6+ Nxf6 26. Rxh6 Ne8 27. Rh3 f6
28. Qg1 Bf5 29. Rh5 Kf7 30. Rxf5 Nd6 31. Rxf6+ Ke8 32. Rxf8+ Kxf8 33. Rg4 Ne8
34. Rg6 Rc7 35. Qg4 Kf7 36. Bxg7 {Black resigns} 1-0

[Event "Team 45 45 League T87"]
[Site "Internet Chess Club"]
[Date "2021.01.15"]
[Round "2"]
[White "primerpaso"]
[Black "fishhead"]
[Result "1-0"]
[WhiteElo "1817"]
[BlackElo "1775"]
[Opening "English: symmetrical variation"]
[ECO "A38"]
[Time "15:03:05"]
[TimeControl "2700+45"]

1. c4 Nf6 2. Nc3 g6 3. g3 Bg7 4. Bg2 c5 5. Nf3 Nc6 6. d4 cxd4 7. Nxd4 O-O 8. O-O
Qb6 9. Nb3 d6 10. Bg5 Qb4 11. Bxf6 exf6 12. Ne4 Rd8 13. Qc2 Be6 14. Rac1 Rac8
15. a3 Qb6 16. Ned2 f5 17. Bd5 Ne5 18. Bxe6 fxe6 19. Na1 d5 20. c5 Qb5 21. Rfe1
b6 22. b4 a5 23. Nab3 axb4 24. Nd4 Qe8 25. axb4 bxc5 26. bxc5 Nc4 27. Nxc4 Bxd4
28. Nd2 Bxc5 29. Qd3 Bf8 30. Nf3 Bg7 31. Rxc8 Rxc8 32. Rb1 Qd7 33. Qa6 h6 34.
Rb7 Rc1+ 35. Kg2 Qc6 36. Qa7 Qc3 37. Rb6 e5 38. Qa8+ Kh7 39. Qe8 Qc8 40. Qxg6+
Kh8 41. Nxe5 d4 42. Nf7+ Kg8 43. Nxh6+ Kh8 44. Nxf5 Qa8+ 45. f3 Rc7 46. Re6
{Black resigns} 1-0

[Event "Team 45 45 League T87"]
[Site "Internet Chess Club"]
[Date "2021.01.17"]
[Round "2"]
[White "bobhill"]
[Black "ElValero"]
[Result "1-0"]
[WhiteElo "1867"]
[BlackElo "1663"]
[Opening "Queen's pawn: Torre attack"]
[ECO "A46"]
[Time "09:05:37"]
[TimeControl "2700+45"]

1. d4 Nf6 2. Nf3 e6 3. Bg5 d5 4. e3 c5 5. c3 Be7 6. Bd3 O-O 7. O-O b6 8. Ne5
Nfd7 9. Bxe7 Qxe7 10. f4 f5 11. Nd2 Nxe5 12. fxe5 c4 13. Bc2 Bd7 14. Qf3 Nc6 15.
b4 cxb3 16. Bxb3 Na5 17. c4 dxc4 18. Nxc4 Bc6 19. Qg3 Nxc4 20. Bxc4 Kh8 21. Rac1
Rac8 22. Qf2 b5 23. Bb3 a5 24. Rc5 a4 25. Bd1 Bd7 26. Rxc8 Rxc8 27. Bf3 Qa3 28.
h3 Rc1 29. Rxc1 Qxc1+ 30. Kh2 g5 31. g4 f4 32. e4 b4 33. d5 b3 34. axb3 axb3 35.
Qb6 b2 36. Qd8+ Kg7 37. Qxd7+ Kh6 38. Qxe6+ Kg7 39. Qf6+ Kg8 40. e6 Qd2+ 41. Bg2
h5 42. Qg6+ Kh8 43. e7 {Black resigns} 1-0

[Event "Team 45 45 League T87"]
[Site "Internet Chess Club"]
[Date "2021.01.16"]
[Round "2"]
[White "Legal"]
[Black "ANGELLR"]
[Result "1/2-1/2"]
[WhiteElo "1896"]
[BlackElo "1925"]
[Opening "French: Fort Knox variation"]
[ECO "C03"]
[Time "19:01:33"]
[TimeControl "2700+45"]

1. e4 e6 2. d4 d5 3. Nd2 dxe4 4. Nxe4 Bd7 5. Nf3 Bc6 6. Bd3 Nd7 7. O-O Ngf6 8.
Ng3 Be7 9. b3 O-O 10. Bb2 b6 11. Qe2 Nd5 12. Qd2 Bd6 13. c4 Nf4 14. Be4 Bxe4 15.
Nxe4 Ng6 16. Rad1 Bf4 17. Qc3 Nf6 18. Rfe1 Nxe4 19. Rxe4 Qf6 20. d5 Qxc3 21.
Bxc3 exd5 22. Rxd5 Rad8 23. Red4 Rxd5 24. Rxd5 Bd6 25. g3 Re8 26. Kf1 Ne7 27.
Rd1 f6 28. Nd4 Be5 29. f4 Bxd4 30. Rxd4 Nc6 31. Rd7 Re7 32. Rxe7 Nxe7 33. g4 Kf7
34. Ke2 g6 35. Kf3 Ke6 36. Be1 f5 37. g5 c6 38. Bc3 a6 39. Be5 b5 40. Ke3 bxc4
41. bxc4 c5 42. Kd3 Nc6 43. Bc3 Kd6 44. a3 Nd8 45. Kc2 Kc6 46. Kb3 Ne6 47. Be5
Kb6 48. Kc3 Nd8 49. Kd3 Nf7 50. Bc3 Nd6 51. Be5 Ne4 52. Kc2 Ka5 53. Kb3 Nd2+ 54.
Kc3 Nf3 55. Bc7+ Ka4 56. Bb6 Nxh2 57. Bxc5 Nf3 58. Bd6 Ka5 59. Kd3 Kb6 60. Bb4
Kc6 61. Ke3 Nh2 62. Kd4 Nf3+ 63. Kd3 Nh2 64. Ke3 a5 65. Bxa5 Kc5 66. Kd3 Nf3 67.
Bb4+ Kc6 68. a4 Nh2 69. a5 Ng4 70. Be1 h5 71. gxh6 Nxh6 72. Bf2 Nf7 73. a6 g5
74. fxg5 Nxg5 75. c5 Ne6 76. a7 Kb7 77. c6+ Ka8 78. Bb6 f4 79. Ke4 f3 80. Kxf3
Nd4+ 81. Bxd4 {Black stalemated} 1/2-1/2

[Event "Team 45 45 League T87"]
[Site "Internet Chess Club"]
[Date "2021.01.14"]
[Round "2"]
[White "andrew37"]
[Black "The7thGuest"]
[Result "0-1"]
[WhiteElo "1672"]
[BlackElo "1851"]
[Opening "King's Indian: Andersson variation"]
[ECO "E92"]
[Time "15:00:40"]
[TimeControl "2700+45"]

1. Nf3 Nf6 2. c4 g6 3. Nc3 Bg7 4. e4 d6 5. d4 O-O 6. Be2 e5 7. dxe5 dxe5 8. O-O
Qxd1 9. Rxd1 Nbd7 10. b3 c6 11. Bb2 Re8 12. b4 Nf8 13. c5 Bg4 14. Nd2 Bxe2 15.
Nxe2 Rad8 16. f3 Nh5 17. Nc4 Nf4 18. Nxf4 exf4 19. Bxg7 Rxd1+ 20. Rxd1 Kxg7 21.
Nd6 Re7 22. Nc8 Rd7 23. Rxd7 Nxd7 24. Nxa7 Kf6 25. Nc8 Ke6 26. Nd6 b6 27. Kf1
bxc5 28. bxc5 Nxc5 29. Nc4 Na4 30. Ke2 Nc3+ 31. Kd2 Nxa2 32. Na5 Kd7 33. Nc4 f6
34. e5 f5 35. Kc2 Nb4+ 36. Kc3 Nd5+ 37. Kd4 Ne3 38. Nb6+ Ke6 39. Na4 Nxg2 40.
Nc5+ Ke7 41. Nd3 Nh4 42. Ne1 Ke6 43. Kc5 g5 44. Kxc6 Kxe5 45. Kc5 h6 46. Nd3+
Ke6 47. Ne1 g4 48. fxg4 fxg4 49. Nd3 Kf5 50. Kd4 Nf3+ 51. Kd5 Nxh2 52. Nf2 g3
53. Nh3 Kg4 54. Ng1 f3 55. Ke4 f2 {White resigns} 0-1

[Event "Team 45 45 League T87"]
[Site "Internet Chess Club"]
[Date "2021.01.16"]
[Round "2"]
[White "fileman"]
[Black "VictorRed"]
[Result "1-0"]
[WhiteElo "1829"]
[BlackElo "1642"]
[Opening "Sicilian: Nimzovich-Rossolimo attack (without ...d6)"]
[ECO "B30"]
[Time "09:06:58"]
[TimeControl "2700+45"]

1. e4 c5 2. Nf3 Nc6 3. Bb5 d6 4. O-O Bd7 5. Re1 e5 6. c3 Qb6 7. Bf1 Nf6 8. Na3
Qc7 9. d4 cxd4 10. cxd4 a6 11. Nc2 Bg4 12. h3 Bh5 13. d5 Na7 14. Bg5 Be7 15. Rc1
Qd7 16. Na3 b5 17. Nc2 O-O 18. Nb4 a5 19. Nc6 b4 20. Nxe7+ Qxe7 21. Qb3 h6 22.
Bxf6 Qxf6 23. Rc7 Bxf3 24. Qxf3 Qxf3 25. gxf3 Nc8 26. Rec1 Rd8 27. h4 Kf8 28.
Rb7 Ne7 29. Rcc7 Re8 30. Bb5 Rac8 31. Bxe8 Rxc7 32. Rxc7 Kxe8 33. Ra7 Ng6 34.
Rxa5 Nxh4 35. Rb5 Nxf3+ 36. Kg2 Ne1+ 37. Kg3 Nd3 38. a4 bxa3 39. bxa3 Nc5 40. f3
g5 41. Rb4 Kd7 42. a4 f6 43. a5 Kc7 44. Rb6 h5 45. Rc6+ Kb7 46. Rxd6 h4+ 47. Kg4
Nd3 48. Rxf6 Nf2+ 49. Kxg5 h3 50. Rh6 {Black resigns} 1-0

[Event "Team 45 45 League T87"]
[Site "Internet Chess Club"]
[Date "2021.01.16"]
[Round "2"]
[White "Portola"]
[Black "DeepPoo"]
[Result "1-0"]
[WhiteElo "1677"]
[BlackElo "1717"]
[Opening "Queen's pawn game, Krause variation"]
[ECO "D02"]
[Time "17:01:27"]
[TimeControl "2700+45"]

1. d4 d5 2. Nf3 c5 3. e3 Bg4 4. Be2 e6 5. c3 Nf6 6. Nbd2 Nbd7 7. O-O Be7 8. b3
O-O 9. Bb2 Rc8 10. c4 cxd4 11. exd4 dxc4 12. bxc4 Nb6 13. Qb3 Qc7 14. Rfe1 Bxf3
15. Bxf3 Nxc4 16. Nf1 Nxb2 17. Qxb2 b6 18. Rac1 Qd7 19. Ne3 Rxc1 20. Rxc1 Rc8
21. Rxc8+ Qxc8 22. g3 Qd7 23. Nc4 g6 24. Ne5 Qc7 25. Nc6 Nd5 26. Ne5 Qc3 27. Qb5
Nf6 28. Bc6 Qxd4 29. Qe2 Bd6 30. Nf3 Qc5 31. Bb7 Nd5 32. Kg2 Nc3 33. Qd2 Ne4 34.
Bxe4 Kg7 35. Qc2 Qb4 36. Bd3 Bc5 37. Qb3 Qg4 38. h3 Qh5 39. Qc3+ f6 40. Qc4 e5
41. Qe6 a5 42. g4 Qh6 43. Bc4 Qf4 44. Qf7+ Kh6 45. g5+ fxg5 46. Qxf4 exf4 47.
Ne5 Kg7 48. Nd7 Bd4 49. f3 Be3 50. Be6 h5 51. Kf1 g4 52. hxg4 hxg4 53. Bxg4 Kf7
54. Ke2 Ke7 55. Ne5 g5 56. Kd3 Bc5 57. Kc4 Bd6 58. Nc6+ Kf6 59. Kb5 Bc5 60. Nb8
Ke5 61. Nd7+ Kd6 62. a4 Bd4 63. Nxb6 Kc7 64. Nc4 Kb7 65. Bf5 Bc3 66. Be4+ Kc7
67. Nxa5 Kd6 68. Nc6 Ke6 69. a5 Bxa5 70. Kxa5 Kf6 71. Kb5 Ke6 72. Kc5 Kf6 73.
Kd5 Kg7 74. Ke5 Kh6 75. Kf5 Kh5 76. Ne5 Kh4 77. Kg6 g4 78. Nxg4 Kg3 79. Kf5 Kh4
80. Kxf4 Kh5 81. Kf5 Kh4 82. Kg6 Kg3 83. Kg5 Kh3 84. f4 Kg3 85. f5 Kh3 86. f6
Kg3 87. f7 Kh3 88. f8=Q Kg3 89. Qf3# {Black checkmated} 1-0

[Event "Team 45 45 League T87"]
[Site "Internet Chess Club"]
[Date "2021.01.16"]
[Round "2"]
[White "Signofthetimes"]
[Black "Invicta-Knight"]
[Result "0-1"]
[WhiteElo "1634"]
[BlackElo "1539"]
[Opening "Scandinavian: Pytel-Wade variation"]
[ECO "B01"]
[Time "10:01:46"]
[TimeControl "2700+45"]

1. e4 d5 2. exd5 Qxd5 3. Nc3 Qd6 4. Nf3 e5 5. d3 Nf6 6. h3 Nc6 7. Be3 Bf5 8. Be2
Be7 9. Qd2 O-O-O 10. O-O-O Nd5 11. Ne4 Qg6 12. Ng3 Be6 13. a3 f5 14. Bg5 e4 15.
Bxe7 Ndxe7 16. Ne1 Ba2 17. c3 Na5 18. Qe3 Nb3+ 19. Kc2 Qa6 20. dxe4 Qa4 21. Nxf5
Na1+ 22. Kc1 Qc2+ 23. Nxc2 Nb3# {White checkmated} 0-1

[Event "Team 45 45 League T87"]
[Site "Internet Chess Club"]
[Date "2021.01.16"]
[Round "2"]
[White "Redman1"]
[Black "scostanzo212"]
[Result "1-0"]
[WhiteElo "1590"]
[BlackElo "1576"]
[Opening "Sicilian: Scheveningen, 6.Be2"]
[ECO "B83"]
[Time "10:02:20"]
[TimeControl "2700+45"]

1. e4 c5 2. Nf3 d6 3. d4 cxd4 4. Nxd4 Nf6 5. Nc3 e6 6. Be2 Be7 7. O-O O-O 8. Kh1
a6 9. a4 Bd7 10. f4 Nc6 11. Be3 Qc7 12. Nb3 Na5 13. Nxa5 Qxa5 14. Bf3 e5 15. Qe1
Ng4 16. Nd5 Qxe1 17. Nxe7+ Kh8 18. Rfxe1 Nxe3 19. Rxe3 exf4 20. Rc3 Rfe8 21. Nd5
Rac8 22. Rxc8 Bxc8 23. Nxf4 Bd7 24. Kg1 Rc8 25. c3 Rc4 26. a5 Bc6 27. Nd5 Rc5
28. Kf2 Kg8 29. Ne7+ Kf8 30. Nxc6 bxc6 31. Ke3 Ke7 32. Be2 Re5 33. Bxa6 f5 34.
Bb7 Kd7 35. a6 {Black resigns} 1-0

[Event "Team 45 45 League T87"]
[Site "Internet Chess Club"]
[Date "2021.01.13"]
[Round "2"]
[White "Kingofknights"]
[Black "Lawkeito"]
[Result "0-1"]
[WhiteElo "1537"]
[BlackElo "1598"]
[Opening "Nimzo-Indian: 4.e3 O-O, 5.Bd3"]
[ECO "E47"]
[Time "18:30:18"]
[TimeControl "2700+45"]

1. d4 Nf6 2. c4 e6 3. Nc3 Bb4 4. e3 O-O 5. Bd3 c5 6. Ne2 cxd4 7. exd4 b6 8. O-O
Bb7 9. Bg5 Be7 10. f3 d6 11. Qc2 Nbd7 12. Ng3 Rc8 13. Qd2 d5 14. cxd5 Nxd5 15.
Bxe7 Qxe7 16. Nxd5 Bxd5 17. Be4 Nf6 18. Bxd5 Nxd5 19. a3 Qf6 20. Ne4 Qf4 21.
Rac1 Qxd2 22. Nxd2 Rfd8 23. Nb3 Nf4 24. Rxc8 Rxc8 25. Rd1 Rc2 26. Rd2 Rxd2 27.
Nxd2 Ne2+ 28. Kf2 Nxd4 29. f4 Kf8 30. g4 Ke7 31. Ne4 Nb5 32. Ke3 Nd6 33. Nd2 Kd7
34. Kd4 Kc6 35. a4 a6 36. Nf3 f6 37. h4 b5 38. axb5+ Kxb5 39. h5 Kc6 40. Kd3 Kd5
41. Nd2 e5 42. fxe5 fxe5 43. b3 e4+ 44. Ke3 Ke5 45. Nf1 Nb5 46. Ng3 Nc3 47. Nf5
g6 48. hxg6 hxg6 49. Ne7 Nd5+ 50. Nxd5 Kxd5 51. g5 a5 {White resigns} 0-1

[Event "Team 45 45 League T87"]
[Site "Internet Chess Club"]
[Date "2021.01.16"]
[Round "2"]
[White "smsxman"]
[Black "tightfist"]
[Result "1-0"]
[WhiteElo "1362"]
[BlackElo "1477"]
[Opening "French defense"]
[ECO "C00"]
[Time "12:00:55"]
[TimeControl "2700+45"]

1. e4 e6 2. Nf3 d5 3. exd5 exd5 4. d4 Be7 5. Nc3 Nf6 6. Be2 O-O 7. O-O c6 8. Re1
Bg4 9. Bg5 Nbd7 10. Ne5 Bxe2 11. Qxe2 Re8 12. Nxd7 Qxd7 13. Qf3 Bd8 14. Na4 Ne4
15. Bxd8 Raxd8 16. Qd3 b5 17. Nc5 Nxc5 18. Rxe8+ Rxe8 19. dxc5 Qe7 20. b4 Qe5
21. c3 Qe2 22. Qxe2 Rxe2 23. Kf1 Rc2 24. a4 bxa4 25. Rxa4 Rxc3 26. Rxa7 f5 27.
Rb7 Rc2 28. Rc7 Rb2 29. Rb7 d4 30. Ke1 d3 31. Rb6 Kf7 32. Rxc6 Rxb4 33. Rd6 Rc4
34. c6 Re4+ 35. Kd2 Re6 36. Rd7+ Ke8 37. Rxg7 Rxc6 38. Kxd3 h6 39. Ke3 Kf8 40.
Ra7 Rg6 41. Kf3 f4 42. h4 Rf6 43. Kg4 Rg6+ 44. Kf3 Rf6 45. Ra4 Kg7 46. Rxf4 Rg6
47. g3 h5 48. Rf5 Kh6 49. Kf4 Re6 50. f3 Rb6 51. Rf8 Rb5 52. Rf6+ Kg7 53. Rf5
Rb4+ 54. Kg5 Rb6 55. Kxh5 Rh6+ 56. Kg4 Rg6+ 57. Rg5 Kf6 58. Rxg6+ Kxg6 59. f4
Kh6 60. h5 Kg7 61. Kg5 Kh7 62. f5 Kg7 63. g4 Kh7 64. Kf6 Kg8 65. Kg6 Kf8 66. Kh7
Kf7 67. g5 Kf8 68. g6 Ke7 69. g7 {Black resigns} 1-0

[Event "Team 45 45 League T87"]
[Site "Internet Chess Club"]
[Date "2021.01.16"]
[Round "2"]
[White "Portola"]
[Black "Timmah4651"]
[Result "0-1"]
[WhiteElo "1655"]
[BlackElo "1567"]
[Opening "Torre attack (Tartakower variation)"]
[ECO "D03"]
[Time "22:00:40"]
[TimeControl "2700+45"]

1. d4 d5 2. Nf3 Nf6 3. Bg5 Ne4 4. Bh4 c5 5. e3 Qb6 6. Qc1 Nc6 7. c3 Bf5 8. Nbd2
e6 9. Be2 Bd6 10. O-O h6 11. Bg3 Bxg3 12. hxg3 Rc8 13. dxc5 Qxc5 14. Nxe4 Bxe4
15. Nd4 O-O 16. Bg4 Rfe8 17. Qd2 Ne5 18. Be2 Nc4 19. Bxc4 dxc4 20. Rfe1 Red8 21.
Qe2 Qd5 22. Qg4 Bd3 23. a4 a6 24. Red1 Qe4 25. Re1 Qxg4 {White resigns} 0-1

[Event "Team 45 45 League T87"]
[Site "Internet Chess Club"]
[Date "2021.01.15"]
[Round "2"]
[White "Grenadier"]
[Black "ascoli"]
[Result "1/2-1/2"]
[WhiteElo "1547"]
[BlackElo "1719"]
[Opening "French: advance, Milner-Barry gambit"]
[ECO "C02"]
[Time "11:30:27"]
[TimeControl "2700+45"]

1. e4 e6 2. d4 d5 3. e5 c5 4. c3 Nc6 5. Nf3 Qb6 6. Bd3 cxd4 7. cxd4 Bd7 8. O-O
Nxd4 9. Nxd4 Qxd4 10. Nc3 a6 11. Qe2 Qa7 12. Kh1 Bc5 13. Bd2 Ne7 14. Qg4 Ng6 15.
f4 Be3 16. Bxe3 Qxe3 17. Rf3 Qd4 18. Rd1 Qb4 19. Rf2 O-O 20. Rdf1 Nxe5 21. Bxh7+
Kxh7 22. Qh5+ Kg8 23. fxe5 g6 24. Qh6 Qg4 25. Rf4 Qh5 26. Qxh5 gxh5 27. Rf6 Kg7
28. R1f3 Be8 29. Rg3+ Kh7 30. Rg5 Rg8 31. Rxh5+ Kg7 32. Rh3 Kf8 33. Rhf3 Ke7 34.
a4 Rg7 35. h4 Bc6 36. Rf2 Rag8 37. Ne2 Bxa4 38. Nd4 Be8 39. Rc2 Kd7 40. Nb3 b6
41. Rf3 Rg4 42. Rfc3 Rxh4+ 43. Kg1 Ke7 44. Rc7+ Kf8 45. Rb7 Rb4 46. Nd2 Ba4 47.
Rcc7 Be8 48. b3 Kg7 49. Re7 Rf8 50. Rxe6 Rd4 51. Nf3 Rd1+ 52. Kf2 Bb5 53. Rexb6
Rc8 54. e6 Rc2+ 55. Kg3 Be8 56. exf7 Bxf7 57. Rxa6 Kf8 58. Ra8+ Be8 59. Rbb8 Re2
60. b4 d4 61. Rd8 d3 62. b5 d2 63. b6 Rb1 64. Nxd2 Rxb6 65. Nc4 Rg6+ 66. Kf3
Rgxg2 67. Rxe8+ Rxe8 68. Rxe8+ Kxe8 69. Kxg2 {Game drawn because neither player
has mating material} 1/2-1/2